 Dungeon Crawl Stone Soup version 0.29-a0-214-g17f627cfee (webtiles) character file.

Game seed: 264141289298539627

11433 Hasart the Quickloader (level 11, -1/93 HPs)
             Began as a Demigod Hunter on Feb 24, 2022.
             Slain by an ettin
             ... wielding a +0 dire flail
              (23 damage)
             ... on level 1 of the Orcish Mines.
             The game lasted 00:27:31 (16843 turns).

Hasart the Quickloader (Demigod Hunter)            Turns: 16843, Time: 00:27:31

Health: -1/93      AC:  8    Str: 13    XL:     11   Next: 25%
Magic:  14/14      EV: 18    Int: 13    God:
Gold:   456        SH:  0    Dex: 26    Spells: 10/10 levels left

rFire   . . .      SeeInvis .   a - +2 hand crossbow (chaos)
rCold   . . .      Faith    .   (no shield)
rNeg    . . .      Spirit   .   k - +2 leather armour {Will+}
rPois   .          Reflect  .   n - +0 hat {Will+}
rElec   .          Harm     .   (no cloak)
rCorr   .          Rampage  .   f - +2 pair of gloves
Will    +++..                   (no boots)
Stlth   ++++......              (no amulet)
HPRegen 0.25/turn               b - ring of flight
MPRegen 0.14/turn               (no ring)

@: flying, studying Polearms
A: high MP 1, forlorn, divine attributes
a: no special abilities


You were on level 1 of the Orcish Mines.
You visited 3 branches of the dungeon, and saw 13 of its levels.
You also visited: Bailey.

You collected 646 gold pieces.
You spent 190 gold pieces at shops.

Inventory:

Hand Weapons
 a - a +2 hand crossbow of chaos (weapon)
 D - a +0 hand crossbow
Missiles
 p - a throwing net
Armour
 f - a +2 pair of gloves (worn)
 k - a +2 leather armour of willpower (worn)
 n - a +0 hat of willpower (worn)
Jewellery
 b - a ring of flight (left hand)
Wands
 v - a wand of polymorph (8)
 y - a wand of paralysis (6)
 A - a wand of charming (8)
Scrolls
 c - 3 scrolls of fog
 i - a scroll of immolation
 l - a scroll of teleportation
 o - a scroll of blinking
 s - 2 scrolls of identify
 B - 2 scrolls of fear
Potions
 d - a potion of resistance
 e - a potion of magic {unknown}
 g - a potion of degeneration
 h - 2 potions of mutation
 j - a potion of attraction
 m - a potion of heal wounds {unknown}
 q - a potion of cancellation {unknown}
 r - a potion of lignification {unknown}
 t - 3 potions of curing
 u - 4 potions of might {unknown}
 w - 3 potions of flight
 x - 3 potions of haste {unknown}
 z - 2 potions of brilliance {unknown}
 C - a potion of berserk rage {unknown}


   Skills:
 + Level 7.6 Fighting
 * Level 11.2 Crossbows
 + Level 7.6 Dodging
 + Level 8.1 Stealth
 + Level 2.7 Evocations


You had 10 spell levels left.
You didn't know any spells.
Your spell library contained the following spells:

 Spells                   Type           Power      Damage    Failure   Level
 Foxfire                  Conj/Fire      0%         2x1d4     36%         1
 Sting                    Tmut/Pois      0%         1d3       36%         1
 Poisonous Vapours        Pois/Air       0%         N/A       52%         2
 Conjure Flame            Conj/Fire      0%         6-21      75%         3
 Inner Flame              Hex/Fire       0%         N/A       75%         3
 Flame Wave               Conj/Fire      0%         2d4       98%         4
 Olgreb's Toxic Radiance  Pois           0%         N/A       98%         4


Dungeon Overview and Level Annotations

Branches:
Dungeon (11/15)            Temple (1/1) D:4             Orc (1/2) D:9
 Bailey (visited)
   Lair: D:8-11

Shops:
D:4 [   D:8 (


Innate Abilities, Weirdness & Mutations

You have an increased reservoir of magic. (+10% MP)
You shall have no god before yourself.
Your divine heritage dramatically boosts your attributes as you level up.


Message History

Shoot: a) +2 hand crossbow (chaos)
Press: ? - help, Q - select action, (/) - cycle Shift-Dir - straight line, f/p - ettin
Aim: an ettin, wielding two +0 dire flails (lightly wounded, very poisoned, lightly drained, 88% to hit)
You shoot a bolt. The bolt hits the ettin.
You feel better.
The ettin is moderately wounded.
Shoot: a) +2 hand crossbow (chaos)
Press: ? - help, Q - select action, (/) - cycle Shift-Dir - straight line, f/p - ettin
Aim: an ettin, wielding two +0 dire flails (lightly wounded, poisoned, lightly drained, 88% to hit)
You shoot a bolt. The bolt hits the ettin.
The ettin looks even sicker.
The ettin is moderately wounded.
Shoot: a) +2 hand crossbow (chaos)
Press: ? - help, Q - select action, (/) - cycle Shift-Dir - straight line, f/p - ettin
Aim: an ettin, wielding two +0 dire flails (moderately wounded, poisoned, 88% to hit)
You shoot a bolt.
The bolt hits the ettin but does no damage.
The ettin looks even sicker.
The ettin is moderately wounded.
Shoot: a) +2 hand crossbow (chaos)
Press: ? - help, Q - select action, (/) - cycle Shift-Dir - straight line, f/p - ettin
Aim: an ettin, wielding two +0 dire flails (moderately wounded, very poisoned, 88% to hit)
You shoot a bolt. The bolt hits the ettin!
The ettin seems to speed up.
The ettin is heavily wounded.
Aiming: Paralyse
Press: ? - help, Shift-Dir - straight line, f/p - ettin
Aim: an ettin, wielding two +0 dire flails (heavily wounded, fast, very poisoned, chance to affect: 37%)
The ettin resists with some effort.
Aiming: Paralyse
Press: ? - help, Shift-Dir - straight line, f/p - ettin
Aim: an ettin, wielding two +0 dire flails (heavily wounded, fast, very poisoned, chance to affect: 37%)
The ettin resists with some effort.
The ettin hits you with a +0 dire flail!!
* * * LOW HITPOINT WARNING * * *
The ettin closely misses you.
Unknown command.
Aiming: Paralyse
Press: ? - help, Shift-Dir - straight line, f/p - ettin
Aim: an ettin, wielding two +0 dire flails (heavily wounded, fast, very poisoned, chance to affect: 37%)
The ettin resists with some effort.
The ettin misses you.
The ettin hits you with a +0 dire flail!!
You die...

.#..####
##..### #.).#
#....####
.#..##
##....#.##
.#...#
###.....#
..#.##
##....## ..###
#....## .##
##.[## ##
#.C.# ###@##
##.#.##
#.....#
####...##
#.####.#....##
#.
....#........#
.#.....
.........)#.##
.....8>
..#...#...###
.#.....
...........##
....#..


You could see an ettin (fast, very poisoned).

Vanquished Creatures
  Pikel (D:7)
  4 orc knights
  Joseph (D:7)
  An unseen horror (D:10)
  A troll (D:10)
  Sigmund (D:6)
  A wyvern (D:9)
  3 wraiths
  Eustachio (D:6)
  A yak (shapeshifter) (Orc:1)
  18 yaks
  A warg (D:9)
  Menkaure (D:7)
  An acid dragon (D:11)
  3 water moccasins
  A hornet zombie (D:9)
  9 orc warriors
  2 sky beasts (D:5)
  2 necrophages (D:5)
  6 ogres
  2 centaurs (D:11)
  2 lemures
  A kobold brigand (D:10)
  Blork the orc (D:4)
  4 scorpions
  A water moccasin zombie (D:7)
  5 bullfrogs
  A wyvern zombie (D:8)
  3 gnoll sergeants
  3 wights (D:8)
  A howler monkey (D:5)
  2 centaur zombies
  A gnoll shaman (D:9)
  5 hounds
  3 orc priests
  2 jellies
  2 bullfrog skeletons (D:6)
  A centaur skeleton (D:6)
  An iguana (D:5)
  6 orc wizards
  A killer bee zombie (D:7)
  3 adders
  24 gnolls
  3 white imps
  An ufetubus (D:5)
  An adder skeleton (D:4)
  6 dart slugs
  28 orcs
  5 ball pythons
  4 bats
  2 endoplasms
  10 goblins
  5 hobgoblins
  2 quokkas
  2 frilled lizards
  22 kobolds
  A quokka skeleton (D:4)
  3 rats
229 creatures vanquished.

Vanquished Creatures (others)
  A yak (D:10)
  3 plants (D:6)
4 creatures vanquished.

Grand Total: 233 creatures vanquished

Notes
Turn   | Place    | Note
-------+----------+-------------------------------------------
     0 | D:1      | Hasart the Demigod Hunter began the quest for the Orb.
     0 | D:1      | Reached XP level 1. HP: 17/17 MP: 3/3
    32 | D:1      | Reached skill level 1 in Stealth
   332 | D:1      | Reached XP level 2. HP: 24/24 MP: 4/4
  1053 | D:2      | Reached skill level 4 in Crossbows
  1069 | D:2      | Reached XP level 3. HP: 28/29 MP: 5/5
  1110 | D:2      | You fall into a shaft and drop 1 floor!
  2282 | D:4      | Noticed an ogre
  2291 | D:4      | Killed an ogre
  2292 | D:4      | Reached XP level 4. HP: 3/37 MP: 6/6
  2707 | D:4      | Found a staircase to the Ecumenical Temple.
  2721 | D:4      | Noticed Blork the orc
  2742 | Temple   | Entered the Ecumenical Temple
  2991 | D:4      | Killed Blork the orc
  2992 | D:4      | Reached XP level 5. HP: 22/44 MP: 7/7
  3295 | D:4      | Reached skill level 5 in Crossbows
  3325 | D:4      | Found Awko's Armour Shop.
  3473 | D:4      | Reached XP level 6. HP: 43/51 MP: 8/8
  3561 | D:4      | Noticed a water moccasin
  3571 | D:4      | Killed a water moccasin
  4006 | D:5      | Entered Level 5 of the Dungeon
  4213 | D:5      | Noticed a water moccasin
  4222 | D:5      | Killed a water moccasin
  4223 | D:5      | Reached XP level 7. HP: 36/57 MP: 9/9
  4470 | D:5      | Noticed a wraith
  4484 | D:5      | Killed a wraith
  4485 | D:5      | Reached skill level 6 in Crossbows
  5033 | D:5      | Reached XP level 8. HP: 63/66 MP: 10/10
  5081 | D:4      | Bought a +2 leather armour of willpower for 190 gold pieces
  5433 | D:6      | Noticed Eustachio
  5441 | D:5      | Reached skill level 7 in Crossbows
  6098 | D:6      | Reached skill level 5 in Stealth
  6119 | D:6      | Killed Eustachio
  6120 | D:6      | Reached skill level 5 in Fighting
  6120 | D:6      | Reached skill level 5 in Dodging
  6406 | D:6      | Noticed Sigmund
  6428 | D:6      | Killed Sigmund
  6760 | D:7      | Noticed Pikel
  6807 | D:7      | Reached skill level 8 in Crossbows
  6971 | D:7      | Reached XP level 9. HP: 67/74 MP: 11/11
  7102 | D:7      | Killed Pikel
  7504 | D:7      | Noticed Joseph
  7521 | D:7      | Noticed Menkaure
  8122 | D:8      | Found a flagged portal.
  8165 | Bailey   | Entered a bailey
  8214 | Bailey   | Noticed an orc knight
  8227 | Bailey   | Killed an orc knight
  8228 | Bailey   | Reached skill level 9 in Crossbows
  8685 | Bailey   | Noticed an orc knight
  9304 | Bailey   | Killed an orc knight
  9435 | D:8      | Found Fobump's Antique Weapon Boutique.
  9493 | D:8      | Reached XP level 10. HP: 59/84 MP: 13/13
 10812 | D:7      | Killed Joseph
 10813 | D:7      | Reached skill level 10 in Crossbows
 11204 | D:7      | Killed Menkaure
 12114 | D:9      | Found a staircase to the Orcish Mines.
 12362 | D:10     | Entered Level 10 of the Dungeon
 13047 | D:10     | Found a transporter.
 13055 | D:10     | Found a transporter.
 13082 | D:10     | Reached skill level 1 in Evocations
 13728 | D:10     | Found a transporter.
 13734 | D:10     | Found a transporter.
 13812 | D:10     | Reached XP level 11. HP: 92/92 MP: 14/14
 14066 | D:10     | Found a transporter.
 14067 | D:10     | Found a transporter.
 14153 | D:11     | Noticed a centaur warrior
 14514 | D:11     | Noticed a two-headed ogre
 14939 | D:11     | Noticed a seven-headed hydra
 15009 | Orc:1    | Entered Level 1 of the Orcish Mines
 15017 | Orc:1    | Reached skill level 11 in Crossbows
 15397 | Orc:1    | Noticed an orc knight
 15813 | D:9      | Killed an orc knight
 16666 | Orc:1    | Noticed an orc knight
 16694 | Orc:1    | Killed an orc knight
 16813 | Orc:1    | Noticed an ettin
 16821 | Orc:1    | Noticed a two-headed ogre
 16843 | Orc:1    | Slain by an ettin

Illustrated notes

Levels and vault maps discovered:
D:1:      elethiomel_arrival_quiet, layout_basic
D:2:      layout_basic, nicolae_ecumenical_snake_handling,
          minmay_misc_feat_secret_circle, minmay_misc_feat_columns, uniq_robin
D:3:      layout_basic
D:4:      layout_basic, lemuel_crystal_altar,
          mainiacjoe_overflow_concentric_impassable, temple_green, serial_shops,
          nicolae_shop_crystal, uniq_blork_the_orc
D:5:      layout_rooms, grunt_ministairs_7, roderic_filled_cross,
          minmay_manual_monolith
D:6:      layout_cave_pools, nicolae_elyvilon_temple_path, uniq_eustachio,
          uniq_sigmund
D:7:      layout_loops_ring, lemuel_tele_altar, uniq_joseph, uniq_menkaure,
          uniq_pikel
D:8:      layout_basic, mainiacjoe_overflow_paths,
          nicolae_overflow_quartered_altars, serial_shops,
          nicolae_shop_advertising_works [nicolae_subvault_shop_adworks],
          enter_bailey_4
D:9:      layout_basic, orc_0_dummy
D:10:     layout_loops_corners, serial_nicolae_subway,
          nicolae_sub_station_crystal, nicolae_sub_station_metal,
          nicolae_sub_station_stone
D:11:     layout_rooms, david_lair_shrubbed, serial_shops,
          nicolae_shop_hallway_plus
Temple:   dshaligram_water_room_temple
Orc:1:    layout_caves, serial_shops, nicolae_shop_statue_plus,
          hellmonk_guarded_unrand_dark_maul

Skill      XL: |  1  2  3  4  5  6  7  8  9 10 11 |
---------------+----------------------------------+-----
Stealth        | 1 2 3 4 5 6 7 8 |  8.1
Fighting       | 2 3 4 5 6 7 |  7.6
Dodging        | 2 3 4 5 6 7 |  7.6
Crossbows      | 4 5 6 8 9 10 11 | 11.2
Evocations     | 1 2 |  2.7

Action                   |  1- 3 |  4- 6 |  7- 9 | 10-12 || total
-------------------------+-------+-------+-------+-------++-------
Melee: Hand crossbow     |       |       |       |     5 ||     5
 Fire: Hand crossbow     |    91 |   113 |   445 |   455 ||  1104
Evoke: Wand              |       |       |     8 |     3 ||    11
  Use: Potion            |       |     3 |     2 |       ||     5
       Scroll            |       |    11 |     7 |     2 ||    20
Armor: Leather armour    |    13 |    12 |    66 |    53 ||   144
Dodge: Dodged            |    31 |    35 |   196 |   191 ||   453

Table legend: (Time is in decaauts)
 A = Elapsed time spent in this place.
 B = Non-inter-level travel time spent in this place.
 C = Inter-level travel time spent in this place.
 D = Time resting spent in this place.
 E = Time spent auto-exploring this place.
 F = Levels seen in this place.
 G = Mean time per level.
                   A        B        C        D        E       F      G
               +--------+--------+--------+--------+--------+-----+--------+
         Total |  17050 |  16161 |    889 |   5147 |   8050 |  14 | 1217.9 |
       Dungeon |  15038 |  14152 |    886 |   4095 |   7741 |  11 | 1367.1 |
        Temple |    401 |    401 |      0 |    393 |      0 |   1 |  401.0 |
  Orcish Mines |    373 |    371 |      2 |      0 |    225 |   1 |  373.0 |
        Bailey |   1237 |   1237 |      0 |    659 |     84 |   1 | 1237.0 |
               +--------+--------+--------+--------+--------+-----+--------+

Top non-repeatable levels by time:
     D:9: 2661 daAuts
    D:10: 2499 daAuts
     D:4: 2004 daAuts
     D:7: 1778 daAuts
     D:8: 1427 daAuts
     D:5: 1351 daAuts
  Bailey: 1237 daAuts
     D:3: 1120 daAuts
     D:1: 942 daAuts
     D:6: 913 daAuts
  Temple: 401 daAuts
   Orc:1: 373 daAuts
     D:2: 188 daAuts
    D:11: 149 daAuts
